 Dungeon Crawl Stone Soup version 0.24-a0-530-g18ba70b503 (webtiles) character file.

Game seed: 15095281100146147439

8740 DasRunzen the Commander (level 11, -6/86 HPs)
             Began as a Demonspawn Fighter on Aug 7, 2019.
             Was a High Priest of Okawaru.
             Mangled by an orc warrior
             ... wielding a +0 long sword
              (17 damage)
             ... while paralysed by an orc sorcerer
             ... on level 2 of the Orcish Mines.
             The game lasted 00:20:16 (8691 turns).

DasRunzen the Commander (Demonspawn Fighter)        Turns: 8691, Time: 00:20:17

Health: -6/86      AC: 16    Str: 20    XL:     11   Next: 13%
Magic:  17/18      EV:  2    Int:  9    God:    Okawaru [*****.]
Gold:   1242       SH:  0    Dex: 13    Spells: 10/10 levels left

rFire    . . .     SeeInvis .   a - +5 war axe
rCold    + . .     Gourm    .   c - +0 shield
rNeg     . . .     Faith    .   b - +0 scale mail
rPois    +         Spirit   .   k - +1 hat
rElec    .         Reflect  .   y - +0 cloak
rCorr    .         Harm     .   t - +2 pair of gloves
MR       .....                  j - +0 pair of boots
Stlth    ++........             (no amulet)
HPRegen  5.24/turn              l - ring of stealth
MPRegen  0.16/turn              D - ring of poison resistance

@: paralysed, heroism, corroded
A: talons 2, slimy green scales 2, cold resistance 1, powered by death 3
a: Heroism, Finesse, Renounce Religion


You were on level 2 of the Orcish Mines.
You worshipped Okawaru.
Okawaru was extremely pleased with you.
You were hungry.

You visited 2 branches of the dungeon, and saw 11 of its levels.
You also visited: Sewer and Bailey.

You collected 1242 gold pieces.

Inventory:

Hand Weapons
 a - a +5 war axe (weapon)
 C - the +2 trident "Otoamaf" {elec, rPois}
   (You found it in a bailey)

   Occasionally, upon striking a foe, it will discharge some electrical energy
   and cause terrible harm.
   It protects you from poison.
Armour
 b - a +0 scale mail (worn)
 c - a +0 shield (worn)
 j - a +0 pair of boots (worn)
 k - a +1 hat (worn)
 t - a +2 pair of gloves (worn)
 y - a +0 cloak (worn)
Jewellery
 l - a ring of stealth (left hand)
 D - a ring of poison resistance (right hand)
Wands
 g - a wand of flame (28)
 o - a wand of polymorph (5)
 v - a wand of digging (5)
 E - a wand of disintegration (6)
Scrolls
 m - 8 scrolls of teleportation
 q - a scroll of immolation
 r - 2 scrolls of blinking
 w - a scroll of identify
 x - 2 scrolls of remove curse
Potions
 d - 4 potions of might
 e - 3 potions of heal wounds
 h - a potion of lignification
 i - 5 potions of curing
 n - a potion of berserk rage
 p - 2 potions of haste
 s - a potion of invisibility
 u - a potion of magic
 z - a potion of agility
 A - 3 potions of flight
 B - 2 potions of ambrosia
Comestibles
 f - 12 rations


   Skills:
 + Level 8.2(13.2) Fighting
 + Level 7.2(12.5) Axes
 + Level 3.2(10.6) Polearms
 + Level 7.6(12.6) Armour
 + Level 7.5(12.5) Shields
 + Level 9.5 Invocations


You had 10 spell levels left.
You didn't know any spells.
Your spell library contained the following spells:

 Spells                   Type           Power        Failure   Level  Hunger
 Corona                   Hex            #......      77%         1    ##.....
 Infusion                 Chrm           #...         77%         1    ##.....
 Magic Dart               Conj           #...         77%         1    ##.....
 Ensorcelled Hibernation  Hex/Ice        #.....       88%         2    ###....
 Searing Ray              Conj           #.....       88%         2    ###....
 Shroud of Golubria       Chrm/Tloc      #.....       88%         2    ###....
 Song of Slaying          Chrm           #.......     88%         2    ###....
 Confuse                  Hex            #.......     98%         3    ####...
 Dazzling Spray           Conj/Hex       #.....       98%         3    ####...
 Regeneration             Chrm/Necr      #.........   98%         3    ####...
 Spectral Weapon          Hex/Chrm       #.......     98%         3    ####...
 Tukima's Dance           Hex            #.......     98%         3    ####...
 Force Lance              Conj/Tloc      #.......     100%        4    #####..
 Fulminant Prism          Conj/Hex       #.........   100%        4    #####..
 Iskenderun's Mystic Bla  Conj           #.......     100%        4    #####..


Dungeon Overview and Level Annotations

Branches:
Dungeon (9/15)             Temple (0/1) D:6             Orc (2/2) D:9
   Lair: D:8-11         Elf: Orc:2

Altars:
Ashenzari
Cheibriados
Elyvilon
Hepliaklqana
Kikubaaqudgha
Nemelex Xobeh
Okawaru
Ru
Trog
Uskayaw
Vehumet

Shops:
D:7 :   Orc:2 !


Innate Abilities, Weirdness & Mutations

You have razor-sharp toenails.
You are mostly covered in slimy green scales. (AC +3)
Your flesh is cold resistant. (rC+)
You regenerate a lot of health from kills.


Message History

You suddenly lose the ability to move!
An orc warrior comes into view. It is wielding a +0 scimitar.
The orc sorcerer hits you but does no damage.
The neqoxec hits you but does no damage.
The orc wizard mumbles some strange words.
The orc wizard blinks!
The orc warrior hits you but does no damage.
The orc wizard mumbles some strange words.
The orc wizard flickers and vanishes!
Deactivating autopickup; reactivate with Ctrl-A.
The chaos spawn hits you.
The red devil hits you from afar with a +0 trident!
The orc sorcerer hits you but does no damage.
The orc sorcerer points at you and mumbles some strange words.
The bolt of fire hits you!!!
* * * LOW HITPOINT WARNING * * *
The neqoxec gestures.
The orc warrior shouts!
The orc warrior hits you with a +0 long sword!
You die...

##............
#.............
#.............
##.............
#..5............
#....45..o..o..#
##...3oo.......#
#..5))@o3......#
##.#.))4.o.....#
#..............#
##.............##
##..............##
#................######
#.....................
#........###......#.###
##.....#####..........#


You could see a smoke demon, a neqoxec, a chaos spawn, 2 orc sorcerers, a red
devil, 2 orc warriors, an orc priest, an orc wizard, a quasit, a crimson imp and
a shadow imp.

Vanquished Creatures
  2 two-headed ogres (D:9)
  An orc high priest (Orc:2)
  An orc sorcerer (Orc:2)
  Prince Ribbit (D:7)
  A wyvern (D:9)
  3 yaks (D:9)
  A hungry ghost (D:9)
  A water moccasin (D:8)
  Purgy (D:3)
  A black bear (D:6)
  5 orc warriors
  2 sky beasts (D:9)
  2 phantoms (D:6)
  9 ogres
  3 centaurs
  2 big kobolds
  Blork the orc (D:5)
  8 gnoll sergeants (Bailey)
  5 bullfrogs
  2 scorpions
  6 howler monkeys
  A bullfrog zombie (D:5)
  2 crimson imps (D:8)
  2 quasits (D:8)
  A centaur zombie (D:5)
  3 jellies
  Crazy Yiuf (D:6)
  A bullfrog skeleton (D:8)
  6 gnoll shamans (Bailey)
  7 hounds
  6 orc priests
  A centaur skeleton (D:7)
  Ijyb (D:5)
  5 iguanas
  10 orc wizards
  6 worker ants
  3 hound zombies
  A howler monkey zombie (D:5)
  Robin (D:4)
  24 gnolls
  16 adders
  2 river rats (Sewer)
  A shadow imp (D:9)
  2 oozes
  2 adder zombies
  An adder skeleton (D:8)
  6 worms
  A dart slug (D:3)
  3 leopard geckos
  54 orcs
  9 bats
  4 giant cockroaches
  21 goblins
  11 hobgoblins
  16 jackals
  14 kobolds
  5 quokkas
  3 ball pythons
  4 frilled lizards
  A quokka skeleton (D:5)
  9 rats
325 creatures vanquished.

Notes
Turn   | Place    | Note
-------+----------+-------------------------------------------
     0 | D:1      | DasRunzen the Demonspawn Fighter began the quest for the
                  | Orb.
     0 | D:1      | Reached XP level 1. HP: 18/18 MP: 1/1
   106 | D:1      | Gained mutation: You regenerate a little health from kills.
                  | [demonic ancestry]
   106 | D:1      | Reached XP level 2. HP: 21/24 MP: 2/2
   280 | D:1      | Found an iron altar of Okawaru.
   333 | D:1      | Became a worshipper of Warmaster Okawaru
   362 | D:1      | Reached XP level 3. HP: 24/29 MP: 3/3
   794 | D:2      | Found an iron altar of Okawaru.
   829 | D:2      | Reached skill level 1 in Invocations
  1159 | D:2      | Gained mutation: Your flesh is cold resistant. (rC+)
                  | [demonic ancestry]
  1159 | D:2      | Reached XP level 4. HP: 35/35 MP: 4/4
  1702 | D:3      | Noticed Purgy
  1713 | D:3      | Killed Purgy
  1713 | D:3      | Reached skill level 2 in Invocations
  1713 | D:3      | Gained mutation: You have sharp toenails. [demonic
                  | ancestry]
  1713 | D:3      | Reached XP level 5. HP: 35/42 MP: 6/6
  2112 | D:3      | Gained mutation: You regenerate health from kills. [demonic
                  | ancestry]
  2112 | D:3      | Reached XP level 6. HP: 47/48 MP: 6/8
  2150 | D:3      | Reached * piety under Okawaru
  2419 | D:3      | Reached skill level 3 in Invocations
  2710 | D:4      | Found a hazy altar of Hepliaklqana.
  2981 | D:4      | Gained mutation: You are partially covered in slimy green
                  | scales. (AC +2) [demonic ancestry]
  2981 | D:4      | Reached XP level 7. HP: 47/55 MP: 9/9
  3014 | D:4      | Noticed Robin
  3030 | D:4      | Killed Robin
  3076 | D:4      | Reached skill level 4 in Invocations
  3504 | D:5      | Entered Level 5 of the Dungeon
  3574 | D:5      | Reached ** piety under Okawaru
  3601 | D:5      | Noticed Ijyb
  3617 | D:5      | Killed Ijyb
  3724 | D:5      | Reached skill level 5 in Fighting
  3772 | D:5      | Gained mutation: You regenerate a lot of health from kills.
                  | [demonic ancestry]
  3772 | D:5      | Reached XP level 8. HP: 40/62 MP: 11/11
  3871 | D:5      | Reached skill level 5 in Invocations
  3873 | D:5      | Noticed Blork the orc
  3882 | D:5      | Killed Blork the orc
  4356 | D:6      | Found a glowing drain.
  4368 | D:6      | Reached skill level 5 in Armour
  4368 | D:6      | Reached skill level 5 in Shields
  4415 | Sewer    | Entered a sewer
  4483 | Sewer    | Reached *** piety under Okawaru
  4504 | Sewer    | Found a white marble altar of Elyvilon.
  4599 | D:6      | Reached skill level 6 in Invocations
  4639 | D:6      | Reached skill level 5 in Axes
  4733 | D:6      | Found an ancient bone altar of Kikubaaqudgha.
  4787 | D:6      | Received a gift from Okawaru
  4787 | D:6      | Reached XP level 9. HP: 49/69 MP: 13/13
  5064 | D:6      | Found a sparkling altar of Nemelex Xobeh.
  5065 | D:6      | Found a hide-covered altar of Uskayaw.
  5065 | D:6      | Found a bloodstained altar of Trog.
  5100 | D:6      | Found a staircase to the Ecumenical Temple.
  5249 | D:6      | Found a runed translucent door.
  5252 | D:6      | Noticed Crazy Yiuf
  5294 | D:6      | Killed Crazy Yiuf
  5516 | D:7      | Noticed Prince Ribbit
  5534 | D:7      | Found a flagged portal.
  5561 | D:7      | Killed Prince Ribbit
  5574 | Bailey   | Entered a bailey
  5696 | Bailey   | Reached skill level 7 in Invocations
  5802 | Bailey   | Got a faintly glowing trident
  5809 | Bailey   | Identified the cursed +2 trident "Otoamaf" {elec, rPois}
                  | (You found it in a bailey)
  5850 | Bailey   | Reached **** piety under Okawaru
  6038 | D:7      | Found Borph's Book Emporium.
  6266 | D:7      | Found a sacrificial altar of Ru.
  6654 | D:8      | Found a snail-covered altar of Cheibriados.
  6696 | D:8      | Reached skill level 8 in Invocations
  6696 | D:8      | Gained mutation: You are mostly covered in slimy green
                  | scales. (AC +3) [demonic ancestry]
  6696 | D:8      | Reached XP level 10. HP: 77/79 MP: 14/16
  6881 | D:8      | Found a shattered altar of Ashenzari.
  7258 | D:9      | Reached ***** piety under Okawaru
  7353 | D:9      | Reached skill level 1 in Polearms
  7518 | D:9      | Noticed a two-headed ogre
  7531 | D:9      | Killed a two-headed ogre
  7844 | D:9      | Found a staircase to the Orcish Mines.
  7916 | D:9      | Noticed a two-headed ogre
  7923 | D:9      | Killed a two-headed ogre
  7923 | D:9      | Reached skill level 9 in Invocations
  8151 | D:9      | Found a white marble altar of Elyvilon.
  8151 | D:9      | Found a radiant altar of Vehumet.
  8399 | Orc:1    | Entered Level 1 of the Orcish Mines
  8558 | Orc:2    | Entered Level 2 of the Orcish Mines
  8558 | Orc:2    | Found Norho's Distillery.
  8651 | Orc:2    | Received a gift from Okawaru
  8656 | Orc:2    | Noticed an orc sorcerer
  8666 | Orc:2    | Noticed an orc high priest
  8667 | Orc:2    | Killed an orc sorcerer
  8667 | Orc:2    | Gained mutation: You have razor-sharp toenails. [demonic
                  | ancestry]
  8667 | Orc:2    | Reached XP level 11. HP: 82/86 MP: 18/18
  8675 | Orc:2    | Noticed an orc sorcerer
  8675 | Orc:2    | Noticed an orc sorcerer
  8679 | Orc:2    | Noticed a sixfirhy
  8684 | Orc:2    | Killed an orc high priest
  8689 | Orc:2    | Paralysed by an orc sorcerer for 5 turns
  8691 | Orc:2    | Mangled by an orc warrior

Levels and vault maps discovered:
D:1:      lightli_arrival_noodles, layout_basic, okawaru_ov_weapons_minmay
D:2:      layout_rooms, lemuel_coloured_pillars_altar
D:3:      layout_basic, minmay_fractal_squares_5, uniq_purgy
D:4:      layout_loops_ring, marbit_many_paths, uniq_robin
D:5:      layout_loops_corners, first_ration, palyth_stone_intersect,
          serial_park_tiny_2, grunt_decor_fettered, uniq_ijyb,
          uniq_blork_the_orc
D:6:      layout_basic, kiku_gazebo_garden_becter,
          chequers_temple_overflow_statue_of_worship, lemuel_temple_firewalk_a,
          gup_sewer_entry_glass, uniq_crazy_yiuf_cottage
D:7:      layout_gridville, lemuel_crystal_altar, serial_shops, shop,
          enter_bailey_3, uniq_prince_ribbit1
D:8:      layout_cave_pools, cheibriados_altar_1, evilmike_ruin_ashenzari
D:9:      layout_basic, nicolae_overflow_hidden_temple, david_orc_2
Orc:1:    layout_caves, bloody_makhleb
Orc:2:    st_orc_mages, layout_caves, serial_shops, shop

Skill      XL: |  1  2  3  4  5  6  7  8  9 10 |
---------------+-------------------------------+-----
Axes           | 2 3 4 5 6 7 |  7.2
Armour         | 3 4 5 6 7 |  7.6
Shields        | 3 4 5 6 7 |  7.5
Invocations    | 1 2 3 4 6 8 9 |  9.5
Fighting       | 4 5 6 7 8 |  8.2
Polearms       | 3 |  3.2

Action                   |  1- 3 |  4- 6 |  7- 9 | 10-12 || total
-------------------------+-------+-------+-------+-------++-------
Melee: War axe           |   151 |   214 |   383 |    69 ||   817
       Unarmed           |       |       |     7 |       ||     7
       Trident           |       |       |   133 |   216 ||   349
Invok: Heroism           |       |       |     3 |     1 ||     4
  Use: Scroll            |     2 |     5 |    11 |     9 ||    27
       Potion            |       |       |     3 |       ||     3
 Stab: Confused          |       |       |     1 |       ||     1
  Eat: Chunk             |     1 |     7 |     5 |     8 ||    21
       Ration            |       |       |     2 |       ||     2
Armor: Scale mail        |   105 |   127 |   271 |   122 ||   625
Dodge: Dodged            |    60 |    55 |   204 |    96 ||   415
Block: Shield            |    82 |   118 |   383 |   159 ||   742

Table legend:
 A = Non-vault XP
 B = Vault XP
 C = Vault XP percentage of total XP
 D = Non-vault monster count
 E = Vault monster count
 F = Vault count percentage of total count
                 A         B        C        D         E       F
            +---------+---------+-------+---------+---------+-------
      Total |    8506 |    3980 |  31.9 |     233 |      92 |  28.3
            +---------+---------+-------+---------+---------+-------
        D:1 |      49 |       0 |   0.0 |      25 |       0 |   0.0
        D:2 |      86 |       0 |   0.0 |      23 |       0 |   0.0
        D:3 |     182 |     156 |  46.2 |      35 |       5 |  12.5
        D:4 |     520 |      41 |   7.3 |      20 |      14 |  41.2
        D:5 |     586 |     132 |  18.4 |      18 |       2 |  10.0
        D:6 |     967 |      85 |   8.1 |      19 |       5 |  20.8
        D:7 |     622 |     291 |  31.9 |      26 |       5 |  16.1
        D:8 |     986 |       0 |   0.0 |      31 |       0 |   0.0
        D:9 |    3796 |     136 |   3.5 |      27 |       6 |  18.2
      Orc:1 |     303 |       0 |   0.0 |       4 |       0 |   0.0
      Orc:2 |     409 |    1790 |  81.4 |       5 |      13 |  72.2
      Sewer |       0 |     139 | 100.0 |       0 |      12 | 100.0
     Bailey |       0 |    1210 | 100.0 |       0 |      30 | 100.0
            +---------+---------+-------+---------+---------+-------
